 Dungeon Crawl Stone Soup version 0.31.0-32-g396128a36d (webtiles) character file.

Game seed: 5550226360823588911

490 Minsecho the Poker (level 7, 0/63 HPs)
             Began as a Naga Warper on Mar 15, 2024.
             Slain by an orc warrior
             ... wielding a +0 scimitar
              (17 damage)
             ... on level 4 of the Dungeon.
             The game lasted 00:08:20 (4796 turns).

Minsecho the Poker (Naga Warper)                    Turns: 4796, Time: 00:08:20

Health: 0/63       AC:  7    Str: 15    XL:     7   Next: 14%
Magic:  4/10       EV: 14    Int: 14    God:
Gold:   215        SH:  5    Dex: 10    Spells: 3/10 levels left

rFire   . . .        a - +0 spear
rCold   . . .        (no shield)
rNeg    . . .        b - +1 leather armour
rPois   +            (no helmet)
rElec   .            r - +1 cloak {Will+}
rCorr   .            (no gloves)
SInv    +            (no barding)
Will    +....        w - amulet of reflection
Stlth   +            v - +5 ring of evasion
HPRegen 0.30/turn    (no ring)
MPRegen 0.12/turn

%: reflection
@: short of breath, on blink cooldown, very slow
A: AC +2, large, see invisible, deformed body, poison resistance, slowness 2,
spit poison 1, naga tail 1
a: Spit Poison


You were on level 4 of the Dungeon.
You visited 1 branch of the dungeon, and saw 5 of its levels.

You collected 215 gold pieces.

Inventory:

Hand Weapons
 a - a +0 spear (weapon)
Missiles
 d - 7 darts of dispersal
 h - 2 curare-tipped darts
Armour
 b - a +1 leather armour (worn)
 r - a +1 cloak of willpower (worn)
Jewellery
 v - a +5 ring of evasion (left hand)
 w - an amulet of reflection (around neck)
Wands
 p - a wand of flame (15)
Scrolls
 c - 2 scrolls of blinking
 e - 2 scrolls of noise
 f - 2 scrolls of fear
 g - 2 scrolls of teleportation
 j - a scroll of enchant armour
 m - a scroll of fog {unknown}
 o - a scroll of vulnerability {unknown}
 q - 3 scrolls of identify {unknown}
Potions
 i - a potion of enlightenment {unknown}
 k - a potion of curing {unknown}
 l - 2 potions of attraction {unknown}
 n - a potion of resistance {unknown}
 s - a potion of berserk rage {unknown}
 t - a potion of haste {unknown}
 u - 2 potions of mutation {unknown}


   Skills:
 * Level 3.9 Fighting
 + Level 4.2 Polearms
 + Level 0.8 Throwing
 + Level 2.1 Armour
 + Level 2.2 Dodging
 + Level 0.5 Stealth
 + Level 2.1 Spellcasting
 * Level 2.6 Hexes
 + Level 3.0 Translocations
 * Level 1.2 Ice Magic
 * Level 1.1 Air Magic


You had 3 spell levels left.
You knew the following spells:

 Your Spells              Type           Power      Damage    Failure   Level
a - Blink                 Tloc           20%        N/A       12%         2
b - Swiftness             Air            4%         N/A       50%         3
c - Ensorcelled Hibernat  Hex/Ice        12%        N/A       21%         2

Your spell library contained the following spells:

 Spells                   Type           Power      Damage    Failure   Level
 Lesser Beckoning         Tloc           20%        N/A       12%         2
 Teleport Other           Tloc           10%        N/A       24%         3
 Passwall                 Erth           1%         N/A       65%         3
 Manifold Assault         Tloc           10%        N/A       63%         4
 Vhi's Electric Charge    Tloc/Air       14%        N/A       77%         4
 Chain Lightning          Conj/Air       1%         3d2       100%        9
 Fire Storm               Conj/Fire      0%         6d1       100%        9
 Shatter                  Erth           0%         3d5*      100%        9


Dungeon Overview and Level Annotations

Branches:
Dungeon (5/15)
 Temple: D:4-7

Altars:
Kikubaaqudgha

Shops:
D:4 :


Innate Abilities, Weirdness & Mutations

Your serpentine skin is tough. (AC +2)
You have supernaturally acute eyesight. (SInv)
Armour fits poorly on your strangely shaped body.
Your system is resistant to poisons. (rPois)
You cover ground very slowly.
You can spit poison.
You have a snake-like lower body.


Message History

Confirm with . or Enter, or press ? or * to list all spells.
You blink.
You have got your breath back.
Aiming: Spit Poison (1% risk of failure)
Press: ? - help, Q - select action, (/) - cycle Shift-Dir - straight line, f/p - orc warrior
Aim: an orc warrior, wielding a +0 scimitar and wearing a +0 plate armour (lightly wounded, 59% to hit)
The splash of poison hits the orc warrior but does no damage.
The orc warrior is lightly wounded.
Aiming: Throw Flame
Press: ? - help, Shift-Dir - straight line, f/p - orc warrior
Aim: an orc warrior, wielding a +0 scimitar and wearing a +0 plate armour (lightly wounded, 68% to hit)
The puff of flame hits the orc warrior but does no damage.
The orc warrior is lightly wounded.
Unknown command.
You hit the orc warrior.
The orc warrior is lightly wounded.
The orc warrior hits you with a +0 scimitar.
You hit the orc warrior.
The orc warrior is moderately wounded.
You feel ready to blink again.
You hit the orc warrior but do no damage.
The orc warrior is moderately wounded.
You have got your breath back.
The orc warrior hits you with a +0 scimitar.
* * * LOW HITPOINT WARNING * * *
Your magical contamination has completely faded away.
Casting: Blink (safe; 12% risk of failure)
Confirm with . or Enter, or press ? or * to list all spells.
You blink.
Aiming: Spit Poison (1% risk of failure)
Press: ? - help, Q - select action, (/) - cycle Shift-Dir - straight line, f/p - orc warrior
Aim: an orc warrior, wielding a +0 scimitar and wearing a +0 plate armour (moderately wounded, 59% to hit)
The splash of poison hits the orc warrior.
The orc warrior is poisoned.
The orc warrior is heavily wounded.
The orc warrior barely misses you.
You hit the orc warrior. Your punch misses the orc warrior.
The orc warrior is heavily wounded.
The orc warrior hits you with a +0 scimitar!
You die...

### #.#.# ##.#.## #.#.#
#.....# #.#.# ##.#.###
######.#.# #......###
#...##.#.#######.#.#...#
..♣..##................#
......##.#######.#.###.#
♣.....#............>##.#
...<..##.#######@#.###.#
♣.....#........o.....#.#
......#........#.#.#.#.#
..♣..##..######......#.#
....##...#######.#.#.#.#
.....................#.#
.....###########.#.#.#.#
..........^..........#.#
################.#.###.####


You could see an orc warrior (poisoned).

Vanquished Creatures
  2 scorpions
  A howler monkey (D:4)
  A bombardier beetle (D:4)
  Crazy Yiuf (D:3)
  A hound (D:4)
  2 iguanas (D:4)
  5 gnolls
  6 adders
  4 dart slugs
  A ribbon worm (D:3)
  An orc (D:4)
  6 bats
  12 endoplasms
  5 giant cockroaches
  9 goblins
  5 hobgoblins
  A jackal (D:4)
  4 kobolds
  4 quokkas
  6 ball pythons
  7 frilled lizards
  8 rats
92 creatures vanquished.

Notes
Turn   | Place    | Note
-------+----------+-------------------------------------------
     0 | D:1      | Minsecho the Naga Warper began the quest for the Orb.
     0 | D:1      | Reached XP level 1. HP: 19/19 MP: 3/3
   205 | D:1      | Reached XP level 2. HP: 25/26 MP: 5/5
   375 | D:1      | Reached skill level 1 in Armour
   497 | D:1      | Reached XP level 3. HP: 22/33 MP: 6/6
   500 | D:1      | Learned a level 2 spell: Blink
  1241 | D:2      | Reached XP level 4. HP: 40/40 MP: 7/7
  1299 | D:2      | Learned a level 3 spell: Swiftness
  1302 | D:2      | Learned a level 2 spell: Ensorcelled Hibernation
  2085 | D:3      | Reached XP level 5. HP: 23/49 MP: 8/8
  2868 | D:3      | Found a runed translucent door.
  2869 | D:3      | Noticed Crazy Yiuf
  2895 | D:3      | Killed Crazy Yiuf
  3109 | D:4      | Reached skill level 3 in Polearms
  3208 | D:4      | Reached skill level 1 in Hexes
  3208 | D:4      | Reached XP level 6. HP: 36/56 MP: 9/9
  3490 | D:4      | Reached skill level 1 in Ice Magic
  3719 | D:4      | Found Ripapan's Book Emporium.
  3748 | D:4      | Found an ancient bone altar of Kikubaaqudgha.
  4146 | D:4      | Reached skill level 1 in Air Magic
  4198 | D:4      | Reached skill level 4 in Polearms
  4198 | D:4      | Reached XP level 7. HP: 51/63 MP: 10/10
  4640 | D:5      | Entered Level 5 of the Dungeon
  4796 | D:4      | Slain by an orc warrior

Illustrated notes

Levels and vault maps discovered:
D:1:      spicycebolla_arrival_ecumenical, layout_rooms
D:2:      layout_basic, minmay_quantized
D:3:      layout_loops_ring, uniq_crazy_yiuf_cottage
D:4:      layout_basic, kiku_gazebo_garden_becter, serial_shops, shop,
          st_stairs_13, grunt_ministairs_9, corexii_shack
D:5:      layout_rooms, minmay_temple_entry_arrows, st_stairs_8, uniq_pikel

Skill      XL: |  1  2  3  4  5  6 |
---------------+-------------------+-----
Armour         | 1 2 |  2.1
Dodging        | 2 |  2.2
Fighting       | 3 |  3.9
Polearms       | 3 4 |  4.2
Hexes          | 1 2 |  2.6
Ice Magic      | 1 |  1.2
Air Magic      | 1 |  1.1
Throwing       | |  0.8
Stealth        | |  0.5
Spellcasting   | |  2.1
Translocations | |  3.0

Action                     |  1- 3 |  4- 6 |  7- 9 || total
---------------------------+-------+-------+-------++-------
  Melee: Spear             |   103 |   257 |    28 ||   388
         Punch             |     1 |     3 |     2 ||     6
   Cast: Blink             |       |       |     3 ||     3
Ability: Spit Poison       |    17 |    49 |     7 ||    73
  Evoke: Wand              |       |       |     1 ||     1
    Use: Scroll            |       |     5 |       ||     5
 Armour: Leather armour    |    65 |   138 |    17 ||   220
  Dodge: Dodged            |    46 |    99 |    10 ||   155
  Block: Other             |       |       |     3 ||     3
